 Dungeon Crawl Stone Soup version 0.31.0-32-g396128a36d (webtiles) character file.

Game seed: 616956058362808876

258 booth the Ruffian (level 5, 0/28 (38) HPs)
             Began as a Draconian Wanderer on Apr 10, 2024.
             Was an Initiate of Ru.
             Slain by a wight
             ... wielding a +3 halberd
              (13 damage)
             ... on level 4 of the Dungeon.
             The game lasted 00:22:47 (3546 turns).

booth the Ruffian (Draconian Wanderer)              Turns: 3546, Time: 00:22:48

HP:   0/28 (38)     AC:  5    Str: 17    XL:     5   Next: 94%
MP:   5/5           EV: 11    Int:  9    God:    Ru [......]
Gold: 46            SH:  0    Dex: 13    Spells: 4/4 levels left

rFire   . . .        a - +4 quarterstaff
rCold   . . .        (shield currently unavailable)
rNeg    + . .        (body armour unavailable)
rPois   .            (helmet restricted)
rElec   .            (no cloak)
rCorr   .            (no gloves)
SInv    .            (no boots)
Will    .....        (no amulet)
Stlth   ++           l - ring of positive energy
HPRegen 0.24/turn    p - +4 ring of slaying
MPRegen 0.09/turn

%: no passive effects
@: mighty, very heavily drained
A: AC +5, unfitting armour, cold-blooded
a: Renounce Religion


You were on level 4 of the Dungeon.
You worshipped Ru.
Ru was noncommittal.
You visited 1 branch of the dungeon, and saw 4 of its levels.

You collected 124 gold pieces.
You spent 78 gold pieces at shops.

Inventory:

Hand Weapons
 a - a +4 quarterstaff (weapon)
 e - a +0 dagger
Missiles
 d - 19 poisoned darts
 h - 5 boomerangs (quivered)
Jewellery
 l - a ring of positive energy (left hand)
 p - a +4 ring of slaying (right hand)
Scrolls
 b - 2 scrolls of blinking
 g - a scroll of revelation {unknown}
 k - 2 scrolls of fear
 q - 2 scrolls of teleportation
 s - a scroll of torment {unknown}
 t - a scroll of silence {unknown}
Potions
 c - a potion of brilliance
 f - 3 potions of curing
 i - a potion of mutation
 j - a potion of enlightenment {unknown}
 m - a potion of degeneration {unknown}


   Skills:
 * Level 4.5 Staves
 + Level 3.9 Throwing
 - Level 1.0 Stealth
 - Level 5.0 Unarmed Combat
 - Level 1.0 Evocations


You had 4 spell levels left.
You didn't know any spells.
Your spell library contained the following spells:

 Spells                   Type           Power      Damage    Failure   Level
 Call Imp                 Summ           0%         N/A       52%         2
 Sublimation of Blood     Necr           0%         N/A       52%         2
 Brom's Barrelling Bould  Conj/Erth      0%         2d3       99%         4
 Fireball                 Conj/Fire      0%         3d3       100%        5
 Iskenderun's Battlesphe  Conj           0%         2d6       100%        5
 Conjure Ball Lightning   Conj/Air       0%         3x3d6     100%        6
 Orb of Destruction       Conj           0%         9d5       100%        7
 Summon Hydra             Summ           0%         N/A       100%        7


Dungeon Overview and Level Annotations

Branches:
Dungeon (4/15)
 Temple: D:4-7

Altars:
Ru
Trog

Shops:
D:1 =*


Innate Abilities, Weirdness & Mutations

Your plain brown scales are hard. (AC +5)
You cannot fit into any form of body armour.
You are cold-blooded and may be slowed by cold attacks.


Message History

g - a scroll labelled FAT HOAROI You see here a +1 helmet.
You open the door.
There is an open door here.
You now have 46 gold pieces (gained 7).
You see here a book of the Spheres.
You pick up a book of the Spheres and begin reading...
You add the spells Brom's Barrelling Boulder, Iskenderun's Battlesphere, Fireball, Conjure Ball Lightning and Orb of Destruction to your library.
There is an open door here.
The wight attacks as it pursues you!
The wight hits you from afar with a +3 halberd!!
Ouch! That really hurt!
You partially resist.
You feel drained.
You sock the wight!
The wight is severely damaged.
The wight hits you with a +3 halberd!
* * * LOW HITPOINT WARNING * * *
You partially resist.
You feel drained.
Blink to where?
Press: ? - help, Dir - move target, p - wight
As you read the scroll of blinking, it crumbles to dust.
You feel better.
Okay, then.
It was a potion of might.
You feel very mighty all of a sudden.
Throw: 5 boomerangs
Press: ? - help, Q - select action, (/) - cycle Shift-Dir - straight line, f - wight
Aim: a wight, wielding a +3 halberd and wearing a +0 robe (severely damaged, 60% to hit)
You throw a boomerang. The boomerang barely misses the wight.
The boomerang hits the wight!
The wight is heavily damaged.
Throw: 5 boomerangs
Press: ? - help, Q - select action, (/) - cycle Shift-Dir - straight line, f/p - wight
Aim: a wight, wielding a +3 halberd and wearing a +0 robe (severely damaged, 60% to hit)
You throw a boomerang. The boomerang hits the wight.
The wight is almost destroyed.
The wight hits you from afar with a +3 halberd.
You partially resist.
You feel drained. The wight hits you with a +3 halberd!
You die...

###############
#...@zz.......#
#.#########.#.#
#.#
##....######
#####.#####
#...........
#.........#
##..[######.
#.###.###.#
##.## #..# #z#
#.# #.## #z#
#.# # #.# #
##'## #.#


You could see 2 wights.

Vanquished Creatures
  A bombardier beetle (D:3)
  2 orc priests (D:3)
  3 gnolls (D:2)
  4 adders
  2 ribbon worms (D:2)
  8 orcs
  6 endoplasms
  2 giant cockroaches
  10 goblins
  9 hobgoblins
  2 jackals (D:1)
  9 kobolds
  4 quokkas
  9 ball pythons
  5 bats
  5 frilled lizards
  5 rats
86 creatures vanquished.

Notes
Turn   | Place    | Note
-------+----------+-------------------------------------------
     0 | D:1      | booth the Draconian Wanderer began the quest for the Orb.
     0 | D:1      | booth set off with the following items: a +0 quarterstaff,
                  | a scroll of blinking, a potion of heal wounds, 12 poisoned
                  | darts, a +0 dagger, a potion of curing.
     0 | D:1      | Reached XP level 1. HP: 14/14 MP: 1/1
   157 | D:1      | Reached XP level 2. HP: 18/20 MP: 2/2
   217 | D:1      | Found a faded altar of an unknown god.
   252 | D:1      | Found Ticei's Jewellery Shoppe.
   414 | D:1      | Found Doehon's Assorted Antiques.
   598 | D:1      | Reached XP level 3. HP: 5/26 MP: 3/3
  1380 | D:2      | Reached XP level 4. HP: 33/33 MP: 4/4
  1585 | D:2      | HP: 1/33 [gnoll/+0 halberd (8)]
  2147 | D:3      | Reached XP level 5. HP: 29/38 MP: 5/5
  2409 | D:3      | Found a bloodstained altar of Trog.
  2571 | D:3      | Identified the +1 leather armour "Uthriwk Ehai" {rC+}
  2872 | D:1      | Bought a scroll labelled QOILI VIS HISH for 26 gold pieces
  2872 | D:1      | Bought a scroll labelled QOILI VIS HISH for 26 gold pieces
  2872 | D:1      | Bought a scroll labelled HORCHENN DAAPE for 26 gold pieces
  3339 | D:4      | Found a sacrificial altar of Ru.
  3347 | D:4      | Became a worshipper of Ru the Awakened
  3546 | D:4      | Slain by a wight

Illustrated notes

Levels and vault maps discovered:
D:1:      dpeg_arrival_central, layout_basic,
          shapermc_ecumenical_altar_totnotflames, serial_shops, shop, shop
D:2:      layout_basic, kennysheep_donut, minmay_domino_2
D:3:      layout_basic, bloody_trog
D:4:      layout_loops_corners, nicolae_overflow_crystal_walls,
          lemuel_tele_altar

Skill      XL: |  1  2  3  4  5 |
---------------+----------------+-----
Throwing       | 2 3 |  3.9
Staves         | 2 3 4 |  4.5
Stealth        | |  1.0
Unarmed Combat | |  5.0
Evocations     | |  1.0

Action                     |  1- 3 |  4- 6 || total
---------------------------+-------+-------++-------
  Melee: Quarterstaff      |    97 |    65 ||   162
         Tailslap          |    10 |     7 ||    17
  Throw: Boomerang         |    39 |    58 ||    97
         Dart              |    10 |       ||    10
    Use: Scroll            |     1 |    11 ||    12
         Potion            |       |     4 ||     4
   Stab: Sleeping          |     1 |     1 ||     2
 Armour: Skin              |    64 |    48 ||   112
  Dodge: Dodged            |    66 |    42 ||   108
